 Dungeon Crawl Stone Soup version 0.28.0-1-gb440e238dd (webtiles) character file.

Game seed: 10801586717351525482

21 Woods the Caller (level 2, 19/19 HPs)
             Began as a Barachi Summoner on Feb 25, 2022.
             Quit the game on level 1 of the Dungeon.
             The game lasted 00:02:11 (1198 turns).

Woods the Caller (Barachi Summoner)                 Turns: 1198, Time: 00:02:11

Health: 19/19      AC:  2    Str:  9    XL:     2   Next: 87%
Magic:  5/5        EV: 12    Int: 15    God:
Gold:   56         SH:  0    Dex: 12    Spells: 5/6 levels left

rFire   . . .      SeeInvis .   (no weapon)
rCold   . . .      Faith    .   (no shield)
rNeg    . . .      Spirit   .   a - +0 robe
rPois   .          Reflect  .   (no helmet)
rElec   .          Harm     .   (no cloak)
rCorr   .          Rampage  .   (no gloves)
Will    .....                   (no boots)
Stlth   ++........              (no amulet)
HPRegen 0.06/turn               (no ring)
MPRegen 0.09/turn               (no ring)

@: slow
A: amphibious, slowness 1, strong legs 1, +LOS
a: Hop


You were on level 1 of the Dungeon.
You visited 1 branch of the dungeon, and saw 1 of its levels.

You collected 56 gold pieces.

Inventory:

Armour
 a - a +0 robe (worn)
Scrolls
 c - 3 scrolls of identify {unknown}
Potions
 b - a potion of flight {unknown}
 d - a potion of lignification {unknown}
 e - a potion of resistance {unknown}


   Skills:
 + Level 2.6 Dodging
 + Level 2.2 Stealth
 + Level 2.5 Spellcasting
 + Level 5.1 Summonings


You had 5 spell levels left.
You knew the following spells:

 Your Spells              Type           Power      Damage    Failure   Level
a - Summon Small Mammal   Summ           68%        N/A       2%          1

Your spell library contained the following spells:

 Spells                   Type           Power      Damage    Failure   Level
 Call Imp                 Summ           17%        N/A       4%          2
 Call Canine Familiar     Summ           17%        N/A       8%          3
 Magic Dart               Conj           4%         1d3       22%         1
 Summon Guardian Golem    Hex/Summ       9%         N/A       22%         3
 Mephitic Cloud           Conj/Pois/Air  1%         N/A       54%         3
 Summon Lightning Spire   Summ/Air       9%         N/A       58%         4


Dungeon Overview and Level Annotations

Branches:
Dungeon (1/15)

Altars:


Innate Abilities, Weirdness & Mutations

You are amphibious.
You cover ground slowly.
You can hop short distances.
You have an extended range of vision and can be seen from far away.


Message History

Your bat barely misses the quokka.
The quokka bites your bat but does no damage.
Your rat barely misses the quokka.
Your bat hits the quokka but does no damage.
Your bat barely misses the quokka.
The quokka misses your bat.
Your rat closely misses the quokka.
Your bat closely misses the quokka.
The quokka misses your bat.
Your bat hits the quokka but does no damage.
Your bat hits the quokka.
Your rat barely misses the quokka.
Your bat closely misses the quokka.
The quokka closely misses your bat.
Your bat hits the quokka but does no damage.
Your rat misses the quokka. The quokka bites your bat.
Your bat hits the quokka.
Your bat completely misses the quokka.
Your rat bites the quokka.
The quokka closely misses your bat.
Your bat hits the quokka.
Your bat barely misses the quokka.
Your bat hits the quokka but does no damage.
The quokka bites your bat.
Your bat dies!
Your bat's corpse disappears in a puff of smoke!
Your rat bites the quokka.
The quokka bites your rat.
Your rat dies!
Your rat's corpse disappears in a puff of smoke!
Casting: Summon Small Mammal (safe; 2% risk of failure)
Confirm with . or Enter, or press ? or * to list all spells.
The quokka bites you.
Your bat completely misses the quokka.
The quokka closely misses your bat.
Your bat misses the quokka.
Your bat hits the quokka but does no damage. x2
The quokka bites your bat.
Your bat hits the quokka but does no damage.
The quokka barely misses your bat.
Your bat hits the quokka.
The quokka dies!
You start resting.
Magic restored.
You start resting.
Your bat disappears in a puff of smoke!
HP restored.
Are you sure you want to abandon this character and quit the game? (Confirm with "yes".)

#.# #... #.##
#############
#............
#.##.########
#.##@.†...#
#.#######.# ###
#..# ... ...
##.############
### #...##.......#
###.###.####.#
#.###..###.#######
#....#.##.........
#.............####


There were no monsters in sight!

Vanquished Creatures (collateral kills)
  A dart slug (D:1)
  An endoplasm (D:1)
  A giant cockroach (D:1)
  2 goblins (D:1)
  A hobgoblin (D:1)
  2 quokkas (D:1)
  3 ball pythons (D:1)
  3 frilled lizards (D:1)
  A kobold (D:1)
  4 rats (D:1)
19 creatures vanquished.

Vanquished Creatures (others)
  5 plants (D:1)
5 creatures vanquished.

Grand Total: 24 creatures vanquished

Notes
Turn   | Place    | Note
-------+----------+-------------------------------------------
     0 | D:1      | Woods the Barachi Summoner began the quest for the Orb.
     0 | D:1      | Reached XP level 1. HP: 13/13 MP: 3/3
   546 | D:1      | Reached XP level 2. HP: 19/19 MP: 1/5
   549 | D:1      | Reached skill level 5 in Summonings
  1198 | D:1      | Quit the game

Illustrated notes

Levels and vault maps discovered:
D:1:      elethiomel_arrival_infinity_welcomes_careful_drivers, layout_rooms,
          kennysheep_boxes

Skill      XL: |  1  2 |
---------------+-------+-----
Stealth        | 2 |  2.2
Summonings     | 5 |  5.1
Dodging        | |  2.6
Spellcasting   | |  2.5

Action                   || total
-------------------------++-------
Melee: Unarmed           ||    21
 Cast: Summon Small Mamm ||    31
Armor: Robe              ||     3
Dodge: Dodged            ||    32
